 Dungeon Crawl Stone Soup version 0.28-a0-1143-gcf6077d4cc (webtiles) character file.

Game seed: 685907157677834869

4 spaghetti the Ducker (level 1, 0/10 HPs)
             Began as a Felid Chaos Knight on Dec 14, 2021.
             Was a Plaything of Xom.
             Slain by a bat (1 damage)
             ... on level 1 of the Dungeon.
             The game lasted 00:00:43 (150 turns).

spaghetti the Ducker (Felid Chaos Knight)            Turns: 150, Time: 00:00:44

Health: 0/10       AC:  1    Str:  8    XL:     1   Next: 58%
Magic:  2/2        EV: 17    Int: 13    God:    Xom [..*...]
Gold:   0          SH:  0    Dex: 15    Spells: 0/0 levels left
                                        Lives:  0   Deaths: 0

rFire   . . .      SeeInvis +     - Unarmed
rCold   . . .      Faith    .   (shield unavailable)
rNeg    . . .      Spirit   .   (armour unavailable)
rPois   .          Reflect  .   (helmet unavailable)
rElec   .          Harm     .   (cloak unavailable)
rCorr   .          Rampage  .   (gloves unavailable)
Will    .....                   (boots unavailable)
Stlth   ++........              (no amulet)
HPRegen 0.03/turn               (no ring)
MPRegen 0.08/turn               (no ring)

@: brilliant, quick
A: very small, claws 1, fangs 3, see invisible, speed 1, shaggy fur 1, stealthy
paws, no weapons or thrown items, no armour, multi-lived
a: Renounce Religion


You were on level 1 of the Dungeon.
You worshipped Xom.
You were a toy of Xom.
You visited 1 branch of the dungeon, and saw 1 of its levels.


Innate Abilities, Weirdness & Mutations

You have sharp claws.
You have razor-sharp teeth.
You have supernaturally acute eyesight. (SInv)
You cover ground quickly. (Speed+)
You are covered in fur. (AC +1)
Your paws help you pounce on unaware monsters.
You are incapable of wielding weapons or throwing items.
You cannot wear armour.
You gain extra lives every three experience levels.


   Skills:
 - Level 3.0 Fighting
 - Level 3.2 Dodging
 + Level 1.2 Stealth
 + Level 3.1 Unarmed Combat


You couldn't memorise any spells.
You didn't know any spells.
Your spell library was empty.

You aren't carrying anything.

Dungeon Overview and Level Annotations

Branches:
Dungeon (1/15)

Altars:

Shops:
D:1

[ ######## #....b.#
#...b..# #..@g..#
##.#b### #..#.#
#S##g##### ##.#hhg...#
#.)SKg'''.#
.......#.'''''.#
#..........###.''_''.#
........(# #.'''''.#


You could see a jackal, 2 hobgoblins, 2 goblins, a bat and a ball python.


Message History

You scratch the kobold.
You kill the kobold!
No target in view!
No target in view!
No target in view!
No target in view!
Things that are here:
a +0 short sword {short}; a kobold corpse 😎 HP[+1]
Your hp is fully restored (10).
There is an entrance to Xiem's Armour Shoppe here.
Unknown command.
A goblin comes into view. It is wielding a +0 dagger.
A goblin is nearby!
The goblin shouts!
A jackal comes into view.
The jackal barks!
A jackal comes into view.
A jackal, a goblin and a kobold come into view.
The kobold shouts!
The jackal barks! x2; The goblin shouts!
You scratch the goblin. Your bite misses the goblin.
The goblin hits you with a +0 dagger. 😮 HP[-4]
You take 4 damage, and now have 6/10 hp.
MASSIVE DAMAGE!! (PAUSE)
The jackal barely misses you. 😮 HP[+1]
A ball python comes into view.
A hobgoblin comes into view.
The hobgoblin shouts!
A bat comes into view.
The jackal barely misses you.
The ball python hisses angrily.
The jackal barely misses you. The jackal closely misses you.
The jackal misses you. "Let's try an experiment, hmmm?"
Your eyebrows briefly feel incredibly bushy.
The jackal bites you. 😮 HP[-1]
You take 1 damage, and now have 6/10 hp.
A kobold comes into view. It is wielding a +0 dagger.
The ball python closely misses you. The ball python misses you.
Attack: -) Teeth and claws
Press: ? - help, Dir - move target, f - ball python
Aim: a ball python (about 40% to evade your paws)
Okay, then.
You aren't carrying any potions.
A hobgoblin comes into view.
A hobgoblin opens the huge gate.
Found a faded altar of an unknown god.
The helpless kobold fails to defend itself.
You claw the kobold!
You kill the kobold!
Your Stealth skill increases to level 1!
Things that are here:
a +0 dagger {short}; 2 stones {throwing} The bat closely misses you.
The bat completely misses you. The bat closely misses you.
The bat closely misses you.
The goblin shouts!
The bat closely misses you. The bat hits you.
* * * LOW HITPOINT WARNING * * *
😨 HP[-1]
You take 1 damage, and now have 5/10 hp.
Unknown command.
You aren't carrying any potions.
You scratch the bat. The bat hits you but does no damage.
The bat barely misses you. The hobgoblin completely misses you.
You completely miss the bat. The bat barely misses you. The bat misses you.
The hobgoblin barely misses you.
Unknown command.
You closely miss the bat. The bat closely misses you.
The hobgoblin closely misses you. The jackal bites you.
* * * LOW HITPOINT WARNING * * *
A shower of butterflies erupts from you! 😱 HP[-3]
You take 3 damage, and now have 2/10 hp.
MASSIVE DAMAGE!! (PAUSE)
You aren't carrying any scrolls.
Unknown command.
You aren't carrying any potions.
You scratch the jackal.
You kill the jackal!
Something misses your butterfly. x2
The hobgoblin closely misses your butterfly.
Something misses your butterfly. The hobgoblin closely misses you.
You swap places.
The bat completely misses your butterfly.
The hobgoblin misses you.
The hobgoblin completely misses your butterfly.
Xom grants you a minor favour.
You feel clever all of a sudden. The bat misses you. The hobgoblin hits you.
* * * LOW HITPOINT WARNING * * *
The bat hits you.
You die...
Xom guffaws!

Skill      XL: |  1 |
---------------+----+-----
Stealth        | 1 |  1.2
Fighting       | |  3.0
Dodging        | |  3.2
Unarmed Combat | |  3.1

Action                   || total
-------------------------++-------
Melee: Unarmed           ||    13
 Stab: Sleeping          ||     1
Armor: Skin              ||     1
Dodge: Dodged            ||    24

Levels and vault maps discovered:
D:1:      dpeg_arrival_orchard, layout_rooms, serial_shops, nicolae_shop_trees,
          hellmonk_ecumenical_altar_heavens_door

Notes
Turn   | Place    | Note
-------+----------+-------------------------------------------
     0 | D:1      | spaghetti the Felid Chaos Knight began the quest for the
                  | Orb.
     0 | D:1      | Reached XP level 1. HP: 10/10 MP: 2/2
     0 | D:1      | magus.rc [v1.9.6]
   129 | D:1      | XOM: silly message
   135 | D:1      | Found a faded altar of an unknown god.
   137 | D:1      | Reached skill level 1 in Stealth
   147 | D:1      | HP: 2/10 [jackal (3)]
   147 | D:1      | XOM: butterfly on damage
   150 | D:1      | XOM: potion effect (brilliance)
   150 | D:1      | Slain by a bat

Vanquished Creatures
  A jackal (D:1)
  2 kobolds (D:1)
  2 rats (D:1)
5 creatures vanquished.

Table legend:
 A = Non-vault XP
 B = Vault XP
 C = Vault XP percentage of total XP
 D = Non-vault monster count
 E = Vault monster count
 F = Vault count percentage of total count
                 A         B        C        D         E       F
            +---------+---------+-------+---------+---------+-------
      Total |       7 |       0 |   0.0 |       5 |       0 |   0.0
            +---------+---------+-------+---------+---------+-------
        D:1 |       7 |       0 |   0.0 |       5 |       0 |   0.0
            +---------+---------+-------+---------+---------+-------

Illustrated notes

Table legend:
 A = Kills in this place as a percentage of kills in entire the game.
 B = Kills by you in this place as a percentage of kills by you in the entire game.
 C = Kills by friends in this place as a percentage of kills by friends in the entire game.
 D = Other kills in this place as a percentage of other kills in the entire game.
 E = Experience gained in this place as a percentage of experience gained in the entire game.
 F = Experience gained in this place divided by the number of levels of this place that you have seen.
                   A       B       C       D       E      F
               +-------+-------+-------+-------+-------+----------------------
         Total | 100.0 | 100.0 |   N/A |   N/A | 100.0 |   7.0
       Dungeon | 100.0 | 100.0 |   N/A |   N/A | 100.0 |   7.0
               +-------+-------+-------+-------+-------+----------------------

Table legend: (Time is in decaauts)
 A = Elapsed time spent in this place.
 B = Non-inter-level travel time spent in this place.
 C = Inter-level travel time spent in this place.
 D = Time resting spent in this place.
 E = Time spent auto-exploring this place.
 F = Levels seen in this place.
 G = Mean time per level.
                   A        B        C        D        E       F      G
               +--------+--------+--------+--------+--------+-----+--------+
         Total |    131 |    131 |      0 |      0 |     71 |   1 |  131.0 |
       Dungeon |    131 |    131 |      0 |      0 |     71 |   1 |  131.0 |
               +--------+--------+--------+--------+--------+-----+--------+

Top non-repeatable levels by time:
     D:1: 131 daAuts
